 Seeded DCSS version 0.30-a0-279-g4b46babb21 (webtiles) character file.

Game seed: 14720310581446802608 (custom seed)

875 purpskrrrp the Ruffian (level 7, -5/66 HPs)
             Began as a Troll Fighter on Oct 16, 2022.
             Slain by an orc warrior
             ... wielding a +0 short sword
              (11 damage)
             ... on level 6 of the Dungeon.
             The game lasted 00:03:47 (1650 turns).

purpskrrrp the Ruffian (Troll Fighter)              Turns: 1650, Time: 00:03:48

Health: -5/66      AC:  4    Str: 27    XL:     7   Next: 74%
Magic:  6/6        EV:  8    Int:  4    God:
Gold:   187        SH:  8    Dex:  9    Spells: 6/6 levels left

rFire   . . .      SeeInvis .      - Unarmed
rCold   . . .      Faith    .    b - +0 kite shield
rNeg    . . .      Spirit   .    a - +0 robe
rPois   .          Reflect  .    (helmet restricted)
rElec   .          Harm     .    (no cloak)
rCorr   .          Rampage  .    (gloves unavailable)
Will    .....                    (boots unavailable)
Stlth   +.........               (no amulet)
HPRegen 1.11/turn                (no ring)
MPRegen 0.10/turn                (no ring)

@: mighty
A: large, unfitting armour, claws 3, regeneration 1, shaggy fur 1, tough skin 1
a: no special abilities


You were on level 6 of the Dungeon.
You visited 1 branch of the dungeon, and saw 6 of its levels.

You collected 187 gold pieces.

Inventory:

Armour
 a - a +0 robe (worn)
 b - a +0 kite shield (worn)
Jewellery
 g - an amulet of faith
 o - a +6 ring of strength
Wands
 l - a wand of light (5)
 m - a wand of flame (32)
Scrolls
 c - a scroll of identify {unknown}
 e - a scroll of magic mapping {unknown}
 i - 2 scrolls of teleportation {unknown}
 j - a scroll of torment {unknown}
 k - a scroll of blinking {unknown}
Potions
 d - 3 potions of curing {unknown}
 f - a potion of heal wounds {unknown}
 h - a potion of haste {unknown}


   Skills:
 - Level 2.4 Fighting
 - Level 2.4 Dodging
 + Level 5.3 Shields
 * Level 7.5 Unarmed Combat


You had 6 spell levels left.
You didn't know any spells.
Your spell library contained the following spells:

 Spells                   Type           Power      Damage    Failure   Level
 Magic Dart               Conj           0%         1d3       77%         1
 Call Imp                 Summ           0%         N/A       88%         2
 Mephitic Cloud           Conj/Pois/Air  0%         N/A       98%         3


Dungeon Overview and Level Annotations

Branches:
Dungeon (6/15)
 Temple: D:4-7

Altars:

Annotations:
D:3 3 runed translucent doors, chamandro's ghost, amateur OpTm


Innate Abilities, Weirdness & Mutations

You are too large for most types of armour.
You have claws for hands.
Your natural rate of healing is unusually fast.
You are covered in fur. (AC +1)
You have tough skin. (AC +1)


Message History

You are too injured to fight recklessly!
You are too injured to fight recklessly!
You are too injured to fight recklessly!
You are too injured to fight recklessly!
You are too injured to fight recklessly!
You are too injured to fight recklessly!
You are too injured to fight recklessly!
You closely miss the orc. The orc barely misses you.
The orc closely misses you.
The orc warrior hits you with a +0 short sword!
The orc hits you with a +0 hand axe.
* * * LOW HITPOINT WARNING * * *
You scratch the orc.
The orc is moderately wounded.
The orc hits you with a +0 dagger.
* * * LOW HITPOINT WARNING * * *
The orc hits you with a +0 hand axe.
* * * LOW HITPOINT WARNING * * *
The orc warrior barely misses you. You block the orc's attack.
You closely miss the orc.
The orc is moderately wounded.
The orc hits you with a +0 dagger.
* * * LOW HITPOINT WARNING * * *
The orc barely misses you.
The orc warrior hits you with a +0 short sword.
* * * LOW HITPOINT WARNING * * *
The orc barely misses you.
You claw the orc!
You kill the orc!
You block the orc's attack.
The orc warrior hits you with a +0 short sword.
* * * LOW HITPOINT WARNING * * *
The orc hits you with a +0 hand axe.
* * * LOW HITPOINT WARNING * * *
The orc warrior attacks as you move away!
The orc warrior hits you but does no damage.
You feel very mighty all of a sudden. You block the orc's attack.
The orc warrior hits you with a +0 short sword!
You die...

##### #.# ###....# #.#
#.. ...# #######.##
#.8#8..# ..........
#.#)#..# #....##.## #
#.8#8.# ####......
#.#.....##### ####...
..##.)oo.......# #...
.......o@.......# #...
...#............######..#
. ##...........#....)...
......................
..##...)............#.##
. #.###..##.#.†......#.
#. ...........†......
...###.###...........
.###.###...........


You could see an orc warrior and 2 orcs.

Vanquished Creatures
  A black bear (D:4)
  An ice beast (D:5)
  2 ogres
  A scorpion (D:6)
  A bullfrog (D:6)
  A hound (D:6)
  2 jellies
  A gnoll bouda (D:6)
  2 orc priests
  2 iguanas
  An orc wizard (D:4)
  7 gnolls
  An adder (D:3)
  3 dart slugs (D:1)
  12 orcs
  5 ball pythons (D:1)
  4 bats
  An endoplasm (D:1)
  A giant cockroach (D:3)
  3 goblins (D:1)
  4 hobgoblins
  7 jackals
  4 kobolds (D:1)
  4 quokkas
  A frilled lizard (D:3)
  4 rats
76 creatures vanquished.

Notes
Turn   | Place    | Note
-------+----------+-------------------------------------------
     0 | D:1      | purpskrrrp the Troll Fighter began the quest for the Orb.
     0 | D:1      | Reached XP level 1. HP: 22/22 MP: 0/0
   153 | D:1      | Reached XP level 2. HP: 29/29 MP: 1/1
   305 | D:1      | Reached skill level 3 in Unarmed Combat
   418 | D:1      | Reached XP level 3. HP: 34/36 MP: 2/2
   642 | D:1      | You fall into a shaft and drop 1 floor!
   766 | D:3      | Reached XP level 4. HP: 44/44 MP: 3/3
   768 | D:3      | Found a runed translucent gate.
   768 | D:3      | Found a runed translucent gate.
   768 | D:3      | Found a runed translucent gate.
   769 | D:3      | Noticed chamandro's ghost (amateur OpTm)
   795 | D:4      | Noticed a black bear
   798 | D:4      | Reached skill level 4 in Unarmed Combat
   854 | D:4      | Killed a black bear
   855 | D:4      | Reached skill level 5 in Unarmed Combat
   855 | D:4      | Reached XP level 5. HP: 31/50 MP: 4/4
   915 | D:4      | Identified the +11 dagger "Teud" {vorpal, *Noise Fly Str+3
                  | Dex+2}
   959 | D:5      | Entered Level 5 of the Dungeon
  1068 | D:5      | Noticed an ice beast
  1088 | D:5      | HP: 1/50 [ice beast (5)]
  1092 | D:5      | Killed an ice beast
  1093 | D:5      | Reached XP level 6. HP: 6/59 MP: 5/5
  1208 | D:5      | Reached skill level 6 in Unarmed Combat
  1451 | D:6      | Reached XP level 7. HP: 46/66 MP: 6/6
  1518 | D:6      | Reached skill level 5 in Shields
  1521 | D:6      | Reached skill level 7 in Unarmed Combat
  1650 | D:6      | Slain by an orc warrior

Illustrated notes

Levels and vault maps discovered:
D:1:      giann_forest_graveyard, layout_basic
D:2:      minmay_general_purpose_star, layout_loops_corners,
          ebering_ecumenical_altar_petrified
D:3:      layout_basic, hellmonk_okawaru_the_only_friend_you_need,
          ebering_ghost_rock_garden, minmay_circle_x
D:4:      layout_basic, slow_altar_1
D:5:      layout_loops_corners, grunt_temple_overflow_lords_of_destruction,
          dk_yredelemnul_ordeal, hangedman_decor_clover_reticule,
          minmay_splitting_lines, minmay_misc_feat_pillars
D:6:      layout_rooms, minmay_temple_entry_drinking_statues, serial_shops,
          shop, minmay_statues_item

Skill      XL: |  1  2  3  4  5  6  7 |
---------------+----------------------+-----
Shields        | 3 4 5 |  5.3
Unarmed Combat | 3 5 6 7 |  7.5
Fighting       | |  2.4
Dodging        | |  2.4

Action                   |  1- 3 |  4- 6 |  7- 9 || total
-------------------------+-------+-------+-------++-------
Melee: Unarmed           |    97 |    82 |    48 ||   227
  Use: Potion            |       |     1 |     1 ||     2
Armor: Robe              |    32 |    20 |     4 ||    56
Dodge: Dodged            |    36 |    30 |    23 ||    89
Block: Kite shield       |    40 |    32 |    20 ||    92

Table legend: (Time is in decaauts)
 A = Elapsed time spent in this place.
 B = Non-inter-level travel time spent in this place.
 C = Inter-level travel time spent in this place.
 D = Time resting spent in this place.
 E = Time spent auto-exploring this place.
 F = Levels seen in this place.
 G = Mean time per level.
                   A        B        C        D        E       F      G
               +--------+--------+--------+--------+--------+-----+--------+
         Total |   1659 |   1578 |     81 |    171 |    886 |   6 |  276.5 |
       Dungeon |   1659 |   1578 |     81 |    171 |    886 |   6 |  276.5 |
               +--------+--------+--------+--------+--------+-----+--------+

Top non-repeatable levels by time:
     D:1: 647 daAuts
     D:5: 486 daAuts
     D:6: 204 daAuts
     D:3: 185 daAuts
     D:4: 130 daAuts
     D:2: 4 daAuts
